 Dungeon Crawl Stone Soup version 0.21.1-1-g345015fe64 (webtiles) character file.

442 Jens78 the Insei (level 7, -6/43 HPs)
             Began as an Octopode Transmuter on June 6, 2018.
             Mangled by Duvessa
             ... wielding a +0 short sword
              (9 damage)
             ... on level 5 of the Dungeon.
             The game lasted 00:34:51 (4081 turns).

Jens78 the Insei (Octopode Transmuter)              Turns: 4081, Time: 00:34:52

Health: -6/43      AC:  2    Str:  9    XL:     7   Next: 2%
Magic:  9/12       EV: 21    Int: 15    God:
Gold:   124        SH:  0    Dex: 20    Spells: 3/13 levels left

rFire    . . .     SeeInvis .     - Unarmed
rCold    . . .     Gourm    .   (shield currently unavailable)
rNeg     . . .     Faith    .   (helmet currently unavailable)
rPois    x         Spirit   .   (no amulet)
rElec    .         Reflect  .   (no ring)
rCorr    .         Harm     .   (no ring)
MR       .....                  (no ring)
Stlth    ++........             (no ring)
HPRegen  0.14/turn              (no ring)
MPRegen  0.13/turn              (no ring)
                                (no ring)
                                (no ring)

@: spider-form
A: tiny, almost no armour, stealthy swim, (amphibious), 8 rings, (constrict 8)
a: End Transformation


You were on level 5 of the Dungeon.
You were not hungry.
You were a venomous arachnid creature.
You visited 1 branch of the dungeon, and saw 5 of its levels.

You collected 124 gold pieces.

Inventory:

Hand Weapons
 n - a +0 club
 u - a +2 dagger of flaming (melded)
 v - a +0 hunting sling
Missiles
 a - 19 arrows
 d - 85 stones (quivered)
 x - 22 sling bullets
Jewellery
 h - an uncursed ring of magical power
 o - an uncursed amulet of rage
Scrolls
 e - a scroll of identify
 f - 2 scrolls of enchant weapon {unknown}
 g - 2 scrolls of random uselessness {unknown}
 i - 2 scrolls of enchant armour {unknown}
 k - a scroll of magic mapping {unknown}
 m - 2 scrolls of remove curse {unknown}
 p - 3 scrolls of amnesia
 q - 2 scrolls of fear {unknown}
 t - a scroll of teleportation {unknown}
 y - a scroll of noise {unknown}
Potions
 j - a potion of brilliance {unknown}
 l - 2 potions of flight {unknown}
 r - a potion of mutation {unknown}
 s - a potion of curing
 w - 2 potions of ambrosia {unknown}
 z - a potion of lignification {unknown}
Books
 b - a book of Changes

   Spells                             Type                      Level
   a - Beastly Appendage              Transmutation                1
   b - Sticks to Snakes               Transmutation                2
   c - Spider Form                    Transmutation/Poison         3
   d - Ice Form                       Ice/Transmutation            4
   e - Blade Hands                    Transmutation                5
Comestibles
 c - 8 rations


   Skills:
 + Level 1.4 Fighting
 * Level 1.7 Short Blades
 - Level 0.1 Throwing
 + Level 2.7 Dodging
 - Level 2.0 Stealth
 - Level 4.1 Unarmed Combat
 + Level 3.6 Spellcasting
 + Level 3.4 Transmutations
 * Level 0.9 Ice Magic
 * Level 2.8 Poison Magic


You had 3 spell levels left.
You knew the following spells:

 Your Spells              Type           Power        Failure   Level  Hunger
a - Beastly Appendage     Tmut           ##....       14%         1    None
b - Sticks to Snakes      Tmut           ##......     19%         2    ##.....
c - Spider Form           Tmut/Pois      ##........   34%         3    ###....
d - Ice Form              Ice/Tmut       #.......     78%         4    ####...


Dungeon Overview and Level Annotations

Branches:
Dungeon (5/15)
 Temple: D:4-7

Altars:
Sif Muna
Trog
Uskayaw
Yredelemnul

Annotations:
D:5 Duvessa


Innate Abilities, Weirdness & Mutations

You cannot wear most types of armour.
You are very stealthy in the water. (Stealth+)
((You are amphibious.))
You can wear up to eight rings at the same time.
((You can use your tentacles to constrict eight enemies at once.))
((Your skin changes colour to match your surroundings (Stealth+).))
((Your rubbery body absorbs attacks. (AC +1, EV +1)))


Message History

You hit Dowan.
Dowan looks as sick as possible!
Dowan is heavily wounded.
Duvessa hits you with a short sword.
You hit Dowan.
Dowan looks as sick as possible!
Dowan is severely wounded.
Dowan points at you and mumbles some strange words.
The puff of flame hits you! Duvessa hits you with a short sword!
* * * LOW HITPOINT WARNING * * *
You kill Dowan!
Duvessa screams in rage.
Duvessa goes berserk!
You have reached level 7!
Duvessa hits you with a short sword!
* * * LOW HITPOINT WARNING * * *
You climb downwards.
There is a stone staircase leading up here.
You hit Duvessa.
Duvessa is poisoned.
Duvessa is lightly wounded.
Duvessa hits you with a short sword!
You die...

### ##
#.######.#
#........#
###.####...#
#.......e..##
#.#.#.#s....#
#.#.#.#...#.#
# #.#....##
#.......#
#######.# .#
.# .# .#


You could see Duvessa (berserk).

Vanquished Creatures
  Dowan (D:4)
  Terence (D:2)
  Jessica (D:3)
  Natasha (thrice) (D:3)
  2 adders (D:2)
  A worm (D:2)
  2 leopard geckos
  3 giant cockroaches
  7 goblins
  8 hobgoblins
  5 jackals
  2 quokkas (D:3)
  6 bats
  3 frilled lizards
  9 kobolds
  A quokka skeleton (D:5)
  11 rats
66 creatures vanquished.

Vanquished Creatures (collateral kills)
  Sigmund (D:2)
  A scorpion (D:4)
  A worm (D:3)
  A spectral orc (D:3)
4 creatures vanquished.

Grand Total: 70 creatures vanquished

Notes
Turn   | Place    | Note
-------+----------+-------------------------------------------
     0 | D:1      | Jens78 the Octopode Transmuter began the quest for the Orb.
     0 | D:1      | Reached XP level 1. HP: 13/13 MP: 3/3
   337 | D:1      | Reached XP level 2. HP: 11/18 MP: 3/5
   741 | D:1      | Reached skill level 1 in Stealth
  1096 | D:1      | Reached XP level 3. HP: 21/23 MP: 4/6
  1388 | D:2      | Learned a level 2 spell: Sticks to Snakes
  1392 | D:2      | Learned a level 3 spell: Spider Form
  1519 | D:2      | Found a deep blue altar of Sif Muna.
  1602 | D:2      | Noticed Terence
  1623 | D:2      | Killed Terence
  1623 | D:2      | Reached XP level 4. HP: 12/28 MP: 5/7
  1836 | D:2      | Reached skill level 1 in Poison Magic
  1843 | D:3      | Noticed Natasha
  1848 | D:3      | Killed Natasha
  1885 | D:2      | Noticed Sigmund
  2161 | D:2      | Reached XP level 5. HP: 26/33 MP: 9/9
  2398 | D:2      | Killed Sigmund
  2398 | D:2      | Reached skill level 4 in Unarmed Combat
  2398 | D:2      | Reached XP level 6. HP: 35/38 MP: 4/10
  2513 | D:3      | Noticed an enchanted dagger
  2513 | D:3      | Noticed a hand axe
  2523 | D:3      | Found a hide-covered altar of Uskayaw.
  2631 | D:3      | Learned a level 4 spell: Ice Form
  2656 | D:3      | Noticed Jessica
  2802 | D:3      | Found a bloodstained altar of Trog.
  2838 | D:3      | Learned a level 4 spell: Ice Form
  3257 | D:3      | Killed Jessica
  3276 | D:3      | Noticed Natasha
  3296 | D:3      | Killed Natasha
  3590 | D:3      | Found a basalt altar of Yredelemnul.
  3650 | D:3      | Noticed Natasha
  3664 | D:3      | Killed Natasha
  3786 | D:5      | Entered Level 5 of the Dungeon
  3805 | D:4      | Noticed Duvessa
  3805 | D:4      | Noticed Dowan
  3809 | D:4      | Reached skill level 1 in Short Blades
  4079 | D:4      | Killed Dowan
  4079 | D:4      | Reached XP level 7. HP: 10/43 MP: 8/12
  4081 | D:5      | Mangled by Duvessa

Skill      XL: |  1  2  3  4  5  6 |
---------------+-------------------+-----
Stealth        | 1 2 |  2.0
Poison Magic   | 1 2 |  2.8
Unarmed Combat | 4 |  4.1
Spellcasting   | 3 |  3.6
Transmutations | 3 |  3.4
Short Blades   | 1 |  1.7
Fighting       | |  1.4
Throwing       | |  0.1
Dodging        | |  2.7
Ice Magic      | |  0.9

Action                   |  1- 3 |  4- 6 |  7- 9 || total
-------------------------+-------+-------+-------++-------
Melee: Unarmed           |    90 |    69 |     1 ||   160
       Constrict         |    23 |    12 |       ||    35
       Kick              |     8 |     8 |       ||    16
       Tentacles         |     8 |     8 |       ||    16
       Punch             |     1 |       |       ||     1
       Dagger            |       |     5 |       ||     5
Throw: Stone             |    30 |    15 |       ||    45
 Cast: Beastly Appendage |    24 |    11 |       ||    35
       Sticks to Snakes  |     2 |    14 |       ||    16
       Spider Form       |     1 |     9 |       ||    10
  Use: Scroll            |       |     3 |       ||     3
 Stab: Sleeping          |     4 |     4 |       ||     8
  Eat: Chunk             |     3 |     7 |       ||    10
       Ration            |       |     1 |       ||     1
Armor: Skin              |     9 |     5 |       ||    14
Dodge: Dodged            |    47 |    54 |       ||   101
